 Dungeon Crawl Stone Soup version 0.19.0-2-gae57169 (webtiles) character file.

60 vev the Grave Robber (level 4, -14/27 HPs)
             Began as a Tengu Necromancer on Nov 6, 2016.
             Killed from afar by Robin (24 damage)
             ... with an exploding inner flame
             ... hexed by the player character
             ... on level 2 of the Dungeon.
             The game lasted 00:02:40 (1525 turns).

vev the Grave Robber (Tengu Necromancer)            Turns: 1525, Time: 00:02:40

Health: -14/27     AC:  6    Str:  9    XL:     4   Next: 6%
Magic:  8/8        EV: 11    Int: 16    God:
Gold:   99         SH:  0    Dex: 14    Spells: 1 memorised, 6 levels left

rFire  . . .     SeeInvis .     f - +0 hand axe
rCold  . . .     Gourm    .     h - +1 ring mail
rNeg   . . .     Faith    .     (no shield)
rPois  .         Spirit   .     (helmet restricted)
rElec  .         Reflect  .     (no cloak)
rCorr  .         Harm     .     (no gloves)
MR     .....                    (boots unavailable)
Stlth  +.........               (no amulet)
                                (no ring)
                                (no ring)

@: no status effects
A: beak, talons 3
a: no special abilities


You were on level 2 of the Dungeon.
You were not hungry.

You visited 1 branch of the dungeon, and saw 2 of its levels.

You collected 99 gold pieces.

Inventory:

Hand Weapons
 f - a +0 hand axe (weapon)
Armour
 a - a +0 robe
 h - a +1 ring mail (worn)
Jewellery
 m - a cursed amulet of inaccuracy {unknown}
Potions
 j - a potion of cancellation
Books
 b - a book of Necromancy

   Spells                             Type                      Level
   a - Pain                           Necromancy                   1
   b - Animate Skeleton               Necromancy                   1
   c - Vampiric Draining              Necromancy                   3
   d - Regeneration                   Charms/Necromancy            3
   e - Animate Dead                   Necromancy                   4
   f - Control Undead                 Necromancy                   4
Comestibles
 c - 3 bread rations
 i - a meat ration


   Skills:
 + Level 2.4 Fighting
 + Level 3.5 Dodging
 - Level 2.0 Stealth
 - Level 2.0 Spellcasting
 - Level 4.3 Necromancy


You had 6 spell levels left.
You knew the following spells:

 Your Spells              Type           Power        Failure   Level  Hunger
a - Pain                  Necr           ###.         12%         1    #......


Dungeon Overview and Level Annotations

Branches:
Dungeon (2/15)

Altars:
Elyvilon

Annotations:
D:2 Sigmund


Innate Abilities, Weirdness & Mutations

You have a beak for a mouth.
You have claws for feet.


Message History

Unknown command.
You closely miss the hobgoblin. You peck the hobgoblin.
The hobgoblin is severely wounded.
You barely miss Robin. The hobgoblin barely misses you.
Sigmund hits you from afar with a vampiric scythe.
Robin hits you with a club.
Unknown command.
Unknown command.
Unknown command.
You hit the hobgoblin.
The hobgoblin explodes!
You feel a bit more experienced. The fiery explosion engulfs you!
* * * LOW HITPOINT WARNING * * *
The fiery explosion engulfs Sigmund.
Sigmund resists.
Sigmund is moderately wounded.
The fiery explosion engulfs Robin.
Robin explodes!
The fiery explosion engulfs you!
Ouch! That really hurt!
You die...

...# .# ...
@# #.. g#
.###..##.
.......g#
#.## #.@#
##.# #@§#
#§## ##.#
#..#
####.##
##....#
#..####
#######.###
#.........#


You could see Sigmund (inner flame).

Vanquished Creatures
  An adder (D:1)
  An ooze (D:1)
  2 worms (D:2)
  2 dart slugs
  A leopard gecko (D:1)
  4 bats
  A giant cockroach (D:1)
  5 hobgoblins
  4 jackals (D:1)
  3 kobolds (D:1)
  A ball python (D:1)
  5 goblins
  4 rats (D:1)
34 creatures vanquished.

Notes
Turn   | Place    | Note
-------+----------+-------------------------------------------
     0 | D:1      | vev the Tengu Necromancer began the quest for the Orb.
     0 | D:1      | Reached XP level 1. HP: 10/10 MP: 4/4
     0 | D:1      | Noticed a felid
     0 | D:1      | Noticed a human
     2 | D:1      | Noticed a naga
     5 | D:1      | Noticed a ghoul
     6 | D:1      | Noticed a vine stalker
     7 | D:1      | Noticed a troll
     9 | D:1      | Noticed an elf
    13 | D:1      | Noticed a ghoul
    13 | D:1      | Noticed a spriggan
    14 | D:1      | Noticed a naga
    15 | D:1      | Noticed an elf
    17 | D:1      | Noticed a human
    19 | D:1      | Noticed a ghoul
    21 | D:1      | Noticed a draconian
   370 | D:1      | Reached skill level 1 in Fighting
   370 | D:1      | Reached XP level 2. HP: 14/16 MP: 3/6
   564 | D:1      | Reached skill level 3 in Dodging
   564 | D:1      | Reached XP level 3. HP: 6/21 MP: 7/7
  1010 | D:1      | Reached skill level 2 in Fighting
  1058 | D:2      | Noticed Robin
  1308 | D:2      | Found a white marble altar of Elyvilon.
  1511 | D:2      | Noticed Sigmund
  1516 | D:2      | Reached XP level 4. HP: 27/27 MP: 8/8
  1525 | D:2      | Killed Robin
  1525 | D:2      | Killed from afar by Robin

Skill      XL: |  1  2  3 |
---------------+----------+-----
Fighting       | 1 2 |  2.4
Dodging        | 3 |  3.5
Stealth        | |  2.0
Spellcasting   | |  2.0
Necromancy     | |  4.3

Action                   |  1- 3 |  4- 6 || total
-------------------------+-------+-------++-------
Melee: Hand axe          |    66 |     5 ||    71
       Kick              |    14 |     1 ||    15
       Peck              |     7 |     3 ||    10
 Cast: Pain              |    19 |       ||    19
  Use: Scroll            |     1 |     3 ||     4
       Potion            |       |     1 ||     1
  Eat: Chunk             |     2 |       ||     2
Armor: Robe              |     8 |       ||     8
       Ring mail         |    30 |     5 ||    35
Dodge: Dodged            |    61 |     9 ||    70
